 Dungeon Crawl Stone Soup version 0.29-a0-825-g72347fce65 (webtiles) character file.

Game seed: 16289639194471045377

739 Bnni the Slasher (level 7, -17/50 HPs)
             Began as a Demonspawn Gladiator on July 11, 2022.
             Was an Initiate of Okawaru.
             Demolished by an orc warrior
             ... wielding a +0 dire flail
              (18 damage)
             ... on level 5 of the Dungeon.
             The game lasted 00:08:35 (5166 turns).

Bnni the Slasher (Demonspawn Gladiator)             Turns: 5166, Time: 00:08:35

Health: -17/50     AC:  3    Str: 14    XL:     7   Next: 46%
Magic:  16/16      EV: 11    Int: 11    God:    Okawaru [......]
Gold:   226        SH:  0    Dex: 17    Spells: 6/6 levels left

rFire   . . .      SeeInvis +   h - +2 short sword (elec)
rCold   . . .      Faith    .   (no shield)
rNeg    . . .      Spirit   .   r - +0 ring mail
rPois   .          Reflect  .   c - +0 helmet
rElec   .          Harm     .   (no cloak)
rCorr   .          Rampage  .   (no gloves)
Will    .....                   (no boots)
Stlth   +.........              z - amulet of magic regeneration
HPRegen 0.16/turn               n - ring of see invisible
MPRegen 0.55/turn               k - ring of magical power

@: brilliant
A: hooves 2, (demonic guardian 1), big brain 1, deformed body, frail 1, wild
magic 1
a: Renounce Religion


You were on level 5 of the Dungeon.
You worshipped Okawaru.
Okawaru was noncommittal.
You visited 2 branches of the dungeon, and saw 6 of its levels.
You also visited: Sewer.

You collected 226 gold pieces.

Inventory:

Hand Weapons
 a - a +0 long sword
 h - a +2 short sword of electrocution (weapon)
Missiles
 b - 10 poisoned darts (quivered)
 e - a javelin
 C - 5 datura-tipped darts
Armour
 c - a +0 helmet (worn)
 r - a +0 ring mail (worn)
Jewellery
 j - a +6 ring of strength
 k - a ring of magical power (right hand)
 n - a ring of see invisible (left hand)
 z - an amulet of magic regeneration (around neck)
Scrolls
 g - 3 scrolls of teleportation
 i - 2 scrolls of enchant armour {unknown}
 s - a scroll of noise {unknown}
 t - a scroll of vulnerability {unknown}
 y - a scroll of blinking {unknown}
 B - a scroll of identify
Potions
 f - a potion of invisibility {unknown}
 l - 2 potions of flight
 m - a potion of mutation {unknown}
 o - 2 potions of curing
 p - a potion of attraction
 q - a potion of lignification
 u - 2 potions of magic
 v - 2 potions of might
 w - a potion of brilliance
 x - a potion of experience
 A - 2 potions of haste {unknown}


   Skills:
 + Level 5.1 Fighting
 * Level 6.8 Long Blades
 - Level 1.7 Throwing
 - Level 2.6 Dodging


You had 6 spell levels left.
You didn't know any spells.
Your spell library contained the following spells:

 Spells                   Type           Power      Damage    Failure   Level
 Passage of Golubria      Tloc           0%         N/A       100%        4
 Yara's Violent Unravell  Hex/Tmut       0%         3d3       100%        5
 Tukima's Dance           Hex            Unusable   N/A       N/A         3

Dungeon Overview and Level Annotations

Branches:
Dungeon (5/15)             Temple (1/1) D:4           Sewer (visited)

Altars:
Cheibriados
Fedhas
Gozag
Kikubaaqudgha
Makhleb
Okawaru
Qazlal
Ru
Vehumet
Wu Jian
Xom
Yredelemnul

Shops:
D:1 (


Innate Abilities, Weirdness & Mutations

You have hoof-like feet.
((A weak demonic guardian rushes to your aid.))
You have an unusually large brain. (Int +2)
Armour fits poorly on your strangely shaped body.
You are frail. (-10% HP)
Your spells are a little harder to cast, but a little more powerful.


Message History

Your Fighting skill increases to level 5!
You barely miss the orc. Your kick misses the orc. You hit the orc.
You kick the orc.
You kill the orc!
Okawaru accepts your kill.
Items here: ))) [ †.
b - 10 poisoned darts (gained 1);
C - 4 datura-tipped darts (gained 1)
C - 5 datura-tipped darts (gained 1)
An orc comes into view. It is wielding a +0 war axe.
Found a stone staircase leading down.
The orc shouts!
The orc warrior shouts!
You see here a poisoned dart.
You closely miss the orc warrior.
You kick the orc warrior, but do no damage.
The orc warrior hits you with a +0 dire flail.
You barely miss the orc warrior. The orc closely misses you.
The orc warrior hits you with a +0 dire flail!
You hit the orc warrior but do no damage.
The orc warrior hits you with a +0 dire flail!!
The orc closely misses you.
You are too injured to fight recklessly!
The orc throws a boomerang.
The boomerang hits you.
* * * LOW HITPOINT WARNING * * *
The orc warrior attacks as you move away!
The orc warrior barely misses you.
Throw: throwing net
Press: ? - help, Shift-Dir - straight line, f - orc warrior
Aim: an orc warrior, wielding a +0 dire flail and wearing a +0 plate armour (62% to hit)
You throw a throwing net.
The throwing net barely misses the orc warrior.
The orc warrior hits you with a +0 dire flail!
* * * LOW HITPOINT WARNING * * *
Okay, then.
Okay, then.
Okay, then.
It was a potion of brilliance.
You feel clever all of a sudden.
The orc warrior hits you with a +0 dire flail!!
You die...

###### #..... #.....
#.....###################
##.....#o@......).........
.....($(o#################
#......#.# #....###.# #...
#>. #.. #### #. #


You could see an orc warrior and an orc.

Vanquished Creatures
  A water moccasin (D:5)
  3 ogres (D:5)
  2 kobold brigands (Sewer)
  A jelly (D:5)
  2 orc wizards (D:5)
  3 gnolls (D:4)
  2 adders
  3 worms
  5 dart slugs
  4 orcs (D:5)
  2 endoplasms
  15 giant cockroaches
  10 goblins
  9 hobgoblins
  2 jackals (D:5)
  17 kobolds
  6 quokkas
  4 ball pythons
  3 bats
  9 frilled lizards
  10 rats
113 creatures vanquished.

Vanquished Creatures (others)
  2 plants (Sewer)
2 creatures vanquished.

Grand Total: 115 creatures vanquished

Notes
Turn   | Place    | Note
-------+----------+-------------------------------------------
     0 | D:1      | Bnni the Demonspawn Gladiator began the quest for the Orb.
     0 | D:1      | Reached XP level 1. HP: 16/16 MP: 1/1
    56 | D:1      | Reached skill level 3 in Long Blades
    61 | D:1      | Gained mutation: You have large cloven feet. [demonic
                  | ancestry]
    61 | D:1      | Reached XP level 2. HP: 7/22 MP: 2/2
   385 | D:1      | Found a faded altar of an unknown god.
   480 | D:1      | Prayed at the altar of an unknown god.
   480 | D:1      | Became a worshipper of Xom of Chaos
   481 | D:1      | Found Suoreot's Antique Weapon Shop.
   776 | D:1      | Gained mutation: You have hoof-like feet. [demonic
                  | ancestry]
   776 | D:1      | Reached XP level 3. HP: 27/28 MP: 3/3
   931 | D:1      | XOM: divination: detect creatures
  1729 | D:2      | XOM: scenery: create altars
  1737 | D:2      | XOM: scenery: summon butterflies
  1742 | D:2      | Reached skill level 4 in Long Blades
  1742 | D:2      | Reached XP level 4. HP: 32/34 MP: 4/4
  2187 | D:3      | Found a radiant altar of Vehumet.
  2507 | D:3      | XOM is BORED!
  2507 | D:3      | XOM: noise
  2943 | D:4      | Found a glowing drain.
  2947 | Sewer    | Entered a sewer
  2961 | Sewer    | XOM: enchant monster (good)
  2963 | Sewer    | XOM: snakes to sticks
  3069 | Sewer    | Noticed a kobold brigand
  3075 | Sewer    | Killed a kobold brigand
  3076 | Sewer    | Gained mutation: A weak demonic guardian rushes to your
                  | aid. [demonic ancestry]
  3076 | Sewer    | Reached XP level 5. HP: 24/41 MP: 5/5
  3322 | Sewer    | Reached skill level 5 in Long Blades
  3828 | D:4      | Gained mutation: You have an unusually large brain. (Int
                  | +2) [demonic ancestry]
  3828 | D:4      | Reached XP level 6. HP: 48/48 MP: 6/6
  3830 | D:4      | XOM: smoke on damage
  4204 | D:4      | Found a staircase to the Ecumenical Temple.
  4216 | Temple   | Entered the Ecumenical Temple
  4256 | Temple   | Fell from the grace of Xom
  4256 | Temple   | Became a worshipper of Warmaster Okawaru
  4482 | D:5      | Entered Level 5 of the Dungeon
  4561 | D:5      | Noticed a water moccasin
  4573 | D:5      | Killed a water moccasin
  4690 | D:5      | XOM: give mutations
  4690 | D:5      | Gained mutation: Your spells are a little harder to cast,
                  | but a little more powerful. [Xom's mischief]
  4690 | D:5      | Gained mutation: You are frail. (-10% HP) [Xom's mischief]
  4690 | D:5      | Gained mutation: Armour fits poorly on your strangely
                  | shaped body. [Xom's mischief]
  4775 | D:5      | Reached skill level 6 in Long Blades
  4810 | D:5      | Reached XP level 7. HP: 18/49 MP: 7/7
  5146 | D:5      | Reached skill level 5 in Fighting
  5165 | D:5      | HP: 1/50 [orc warrior/+0 dire flail (13)]
  5166 | D:5      | Demolished by an orc warrior

Illustrated notes

Levels and vault maps discovered:
D:1:      minmay_arrival_stone_box, layout_loops_ring, serial_shops,
          nicolae_shop_stone, ebering_ecumenical_altar_abandoned
D:2:      minmay_roachtagon, layout_loops_corners
D:3:      layout_loops_cross, vehumet_crystals
D:4:      layout_cave_pods, minmay_temple_entry_drinking_statues,
          gup_sewer_entry_bowl
D:5:      layout_basic, mainiacjoe_overflow_catwalk, elyvilon_altar_3
Temple:   nicolae_temple_ecumenical_triangle

Skill      XL: |  1  2  3  4  5  6  7 |
---------------+----------------------+-----
Long Blades    | 3 4 5 6 |  6.8
Fighting       | 3 4 5 |  5.1
Throwing       | |  1.7
Dodging        | |  2.6

Action                   |  1- 3 |  4- 6 |  7- 9 || total
-------------------------+-------+-------+-------++-------
Melee: Long sword        |    94 |    82 |       ||   176
       Kick              |    16 |    26 |     7 ||    49
       Punch             |     1 |     1 |       ||     2
       Short sword       |       |    64 |    15 ||    79
Throw: Throwing net      |     2 |     2 |     2 ||     6
       Dart              |       |     4 |     6 ||    10
  Use: Scroll            |       |     8 |       ||     8
       Potion            |       |       |     1 ||     1
 Stab: Held in net/web   |     2 |     2 |     1 ||     5
       Sleeping          |     2 |       |       ||     2
       Paralysed         |       |     1 |       ||     1
Armor: Leather armour    |    20 |       |       ||    20
       Ring mail         |     8 |    36 |       ||    44
Dodge: Dodged            |    59 |    73 |     4 ||   136

Table legend: (Time is in decaauts)
 A = Elapsed time spent in this place.
 B = Non-inter-level travel time spent in this place.
 C = Inter-level travel time spent in this place.
 D = Time resting spent in this place.
 E = Time spent auto-exploring this place.
 F = Levels seen in this place.
 G = Mean time per level.
                   A        B        C        D        E       F      G
               +--------+--------+--------+--------+--------+-----+--------+
         Total |   5218 |   5037 |    181 |    398 |   3878 |   7 |  745.4 |
       Dungeon |   4446 |   4273 |    173 |    398 |   3286 |   5 |  889.2 |
        Temple |     49 |     41 |      8 |      0 |     11 |   1 |   49.0 |
         Sewer |    722 |    722 |      0 |      0 |    580 |   1 |  722.0 |
               +--------+--------+--------+--------+--------+-----+--------+

Top non-repeatable levels by time:
     D:1: 1160 daAuts
     D:2: 1026 daAuts
     D:4: 916 daAuts
   Sewer: 722 daAuts
     D:5: 679 daAuts
     D:3: 663 daAuts
  Temple: 49 daAuts
